 Dungeon Crawl Stone Soup version 0.24-a0-581-gc0fa6600bf (webtiles) character file.

Game seed: 4619403819563886602

252 potatomancer the Firebug (level 5, -8/39 HPs)
             Began as a Draconian Fire Elementalist on Aug 24, 2019.
             Mangled by an iguana (9 damage)
             ... on level 3 of the Dungeon.
             The game lasted 00:22:24 (2328 turns).

potatomancer the Firebug (DrFE)                     Turns: 2328, Time: 00:22:25

Health: -8/39      AC:  5    Str: 10    XL:     5   Next: 89%
Magic:  0/10       EV: 12    Int: 17    God:
Gold:   94         SH:  0    Dex: 11    Spells: 6/10 levels left

rFire    . . .     SeeInvis .   b - +0 dagger
rCold    . . .     Gourm    .   (no shield)
rNeg     . . .     Faith    .   (armour unavailable)
rPois    .         Spirit   .   (helmet restricted)
rElec    .         Reflect  .   (no cloak)
rCorr    .         Harm     .   (no gloves)
MR       .....                  (no boots)
Stlth    ++........             (no amulet)
HPRegen  0.13/turn              (no ring)
MPRegen  0.12/turn              (no ring)

@: no status effects
A: unfitting armour, cold-blooded, AC +5
a: no special abilities


You were on level 3 of the Dungeon.
You were not hungry.

You visited 1 branch of the dungeon, and saw 3 of its levels.

You collected 94 gold pieces.

Inventory:

Hand Weapons
 b - a +0 dagger (weapon)
Scrolls
 a - a scroll of amnesia
 c - 2 scrolls of remove curse {unknown}
 e - a scroll of random uselessness {unknown}
 g - 2 scrolls of fog {unknown}
 h - a scroll of teleportation
Potions
 d - a potion of agility {unknown}
 f - 3 potions of might {unknown}
 i - a potion of curing {unknown}


   Skills:
 + Level 0.9 Fighting
 + Level 0.3 Short Blades
   Level 0.2 Maces & Flails
 + Level 2.5 Dodging
 + Level 2.3 Stealth
 + Level 0.4 Unarmed Combat
 + Level 3.4 Spellcasting
 + Level 2.1 Conjurations
 + Level 4.4 Fire Magic


You had 6 spell levels left.
You knew the following spells:

 Your Spells              Type           Power        Failure   Level  Hunger
a - Flame Tongue          Conj/Fire      ##...        4%          1    None
b - Conjure Flame         Conj/Fire      ##......     13%         3    ###....

Your spell library contained the following spells:

 Spells                   Type           Power        Failure   Level  Hunger
 Throw Flame              Conj/Fire      ##....       7%          2    ##.....
 Inner Flame              Hex/Fire       ##......     21%         3    ###....
 Sticky Flame             Conj/Fire      ##......     41%         4    ####...
 Fireball                 Conj/Fire      ##........   77%         5    ######.


Dungeon Overview and Level Annotations

Branches:
Dungeon (3/15)

Altars:


Innate Abilities, Weirdness & Mutations

Your plain brown scales are hard. (AC +5)
You cannot fit into any form of body armour.
You are cold-blooded and may be slowed by cold attacks.


Message History

Press: ? - help, Shift-Dir - straight line, f/p - iguana
Aim: an iguana (almost dead)
The flame tongue misses the iguana.
The iguana barely misses you.
Casting: Flame Tongue (safe; 4% risk of failure)
Confirm with . or Enter, or press ? or * to list all spells.
Aiming: Flame Tongue (safe; 4% risk of failure)
Press: ? - help, Shift-Dir - straight line, f/p - iguana
Aim: an iguana (almost dead)
The flame tongue hits the iguana but does no damage.
The iguana is almost dead.
The iguana bites you!
* * * LOW HITPOINT WARNING * * *
Your magical contamination has completely faded away.
Casting: Flame Tongue (safe; 4% risk of failure)
Confirm with . or Enter, or press ? or * to list all spells.
Aiming: Flame Tongue (safe; 4% risk of failure)
Press: ? - help, Shift-Dir - straight line, f/p - iguana
Aim: an iguana (almost dead)
The flame tongue misses the iguana.
The iguana bites you!
You die...

# #######.#.##
#####...........
#.......@l.....)
#.###.##........
#.##.##.#.##
#.##.# # #
#.##.# #. #.##.#
#.###.##.#
#...#.##.#
#..#.# #


You could see an iguana.

Vanquished Creatures
  An ogre (D:2)
  Robin (D:2)
  3 gnolls (D:3)
  6 adders
  An ooze (D:2)
  2 worms
  A dart slug (D:2)
  3 leopard geckos
  An orc (D:3)
  4 bats
  2 giant cockroaches (D:1)
  7 hobgoblins
  3 jackals (D:2)
  5 kobolds
  A quokka (D:3)
  4 frilled lizards
  13 goblins
  4 rats
62 creatures vanquished.

Notes
Turn   | Place    | Note
-------+----------+-------------------------------------------
     0 | D:1      | potatomancer the Draconian Fire Elementalist began the
                  | quest for the Orb.
     0 | D:1      | Reached XP level 1. HP: 14/14 MP: 3/3
   468 | D:1      | Reached XP level 2. HP: 15/20 MP: 1/5
   828 | D:2      | Noticed an ogre
   971 | D:2      | Reached XP level 3. HP: 17/26 MP: 2/6
  1136 | D:2      | Killed an ogre
  1136 | D:2      | Reached XP level 4. HP: 34/34 MP: 1/8
  1167 | D:2      | Learned a level 3 spell: Conjure Flame
  1232 | D:2      | Reached skill level 4 in Fire Magic
  1451 | D:2      | Noticed Robin
  1459 | D:2      | Reached XP level 5. HP: 39/39 MP: 1/9
  1527 | D:2      | Killed Robin
  2327 | D:3      | HP: 1/39 [iguana (9)]
  2328 | D:3      | Mangled by an iguana

Levels and vault maps discovered:
D:1:      elethiomel_arrival_maze, layout_basic
D:2:      layout_basic, first_ration, uniq_robin
D:3:      layout_loops_ring

Skill      XL: |  1  2  3  4  5 |
---------------+----------------+-----
Dodging        | 2 |  2.5
Stealth        | 2 |  2.3
Fire Magic     | 4 |  4.4
Spellcasting   | 3 |  3.4
Conjurations   | 2 |  2.1
Fighting       | |  0.9
Short Blades   | |  0.3
Maces & Flails | |  0.2
Unarmed Combat | |  0.4

Action                   |  1- 3 |  4- 6 || total
-------------------------+-------+-------++-------
Melee: Club              |    25 |       ||    25
       Unarmed           |    14 |       ||    14
       Tailslap          |     3 |     6 ||     9
       Dagger            |       |    69 ||    69
 Cast: Flame Tongue      |    34 |    79 ||   113
       Conjure Flame     |       |     2 ||     2
  Use: Scroll            |     2 |       ||     2
 Stab: Sleeping          |     1 |       ||     1
  Eat: Ration            |     1 |     1 ||     2
Armor: Skin              |    36 |    29 ||    65
Dodge: Dodged            |    64 |    67 ||   131

Table legend:
 A = Non-vault XP
 B = Vault XP
 C = Vault XP percentage of total XP
 D = Non-vault monster count
 E = Vault monster count
 F = Vault count percentage of total count
                 A         B        C        D         E       F
            +---------+---------+-------+---------+---------+-------
      Total |     322 |      38 |  10.6 |      49 |      13 |  21.0
            +---------+---------+-------+---------+---------+-------
        D:1 |      22 |       0 |   0.0 |      13 |       0 |   0.0
        D:2 |     213 |      38 |  15.1 |      25 |      13 |  34.2
        D:3 |      87 |       0 |   0.0 |      11 |       0 |   0.0
            +---------+---------+-------+---------+---------+-------
